 Dungeon Crawl Stone Soup version 0.17.0-23-g0de4337 (webtiles) character file.

28 HaroldButt the Digger (level 3, 0/24 HPs)
             Began as a Formicid Earth Elementalist on Nov 13, 2015.
             Slain by a giant gecko (5 damage)
             ... on level 2 of the Dungeon.
             The game lasted 00:07:26 (1084 turns).

HaroldButt the Digger (Formicid Earth Elementalist) Turns: 1084, Time: 00:07:26

Health: 0/24       AC:  3    Str: 12    XL:     3   Next: 30%
Magic:  6/6        EV: 11    Int: 15    God:
Gold:   56         SH:  0    Dex: 11    Spells: 3 memorised, 0 levels left

rFire  . . .     SeeInvis +     n - +2 short sword (venom)
rCold  . . .     Clarity  .     g - +0 leather armour
rNeg   . . .     SustAt   .     (no shield)
rPois  .         Gourm    .     (helmet unavailable)
rElec  .         Spirit   .     (no cloak)
rCorr  .         Warding  .     (no gloves)
rMut   .         Stasis   +     (no boots)
MR     .....                    (no amulet)
Stlth  ++........               (no ring)
                                (no ring)

@: not resistant to hostile enchantments, unstealthy
A: permanent stasis, dig shafts and tunnels, four strong arms, antennae 3
a: Dig, Shaft Self


You were on level 2 of the Dungeon.
You were hungry.

You visited 1 branch of the dungeon, and saw 2 of its levels.

You collected 56 gold pieces.

Inventory:

Hand Weapons
 n - a +2 short sword of venom (weapon)
Missiles
 b - 24 stones (quivered)
Armour
 g - a +0 leather armour (worn)
Jewellery
 h - a cursed ring of teleportation {unknown}
Scrolls
 a - a scroll of random uselessness {unknown}
 i - a scroll of identify {unknown}
 j - a scroll of noise {unknown}
 k - a scroll of immolation {unknown}
 m - a scroll of enchant weapon {unknown}
Books
 c - a book of Geomancy

   Spells                             Type                      Level
   a - Sandblast                      Earth                        1
   b - Stoneskin                      Transmutation/Earth          2
   c - Passwall                       Transmutation/Earth          3
   d - Stone Arrow                    Conjuration/Earth            3
   e - Petrify                        Transmutation/Earth          4
   f - Lee's Rapid Deconstruction     Earth                        5
Comestibles
 d - 2 bread rations
 f - a beef jerky


   Skills:
 - Level 1.8 Dodging
 - Level 2.4 Stealth
 - Level 2.3 Spellcasting
 + Level 1.2 Transmutations
 + Level 4.8 Earth Magic


You couldn't memorise any spells.
You knew the following spells:

 Your Spells              Type           Power        Failure   Level  Hunger
a - Sandblast             Erth           ###...       4%          1    #......
b - Stoneskin             Trmt/Erth      ##......     14%         2    ###....
c - Stone Arrow           Conj/Erth      #.....       30%         3    ###....


Dungeon Overview and Level Annotations

Branches:
Dungeon (2/15)

Altars:


Innate Abilities, Weirdness & Mutations

You are under a permanent stasis effect.
You can dig through walls and to a lower floor.
Your four strong arms can wield two-handed weapons with a shield.
You have a pair of large antennae on your head (SInv).


Message History

The hobgoblin hits you but does no damage.
The giant gecko barely misses you.
You barely miss the giant gecko. The giant gecko bites you.
The hobgoblin hits you with a club.
You closely miss the giant gecko. The giant gecko bites you.
The hobgoblin hits you with a club.
The giant gecko bites you but does no damage.
You barely miss the giant gecko. The giant gecko barely misses you.
The hobgoblin hits you with a club.
* * * LOW HITPOINT WARNING * * *
The giant gecko hisses menacingly.
The giant gecko bites you.
* * * LOW HITPOINT WARNING * * *
You hit the giant gecko.
The giant gecko is poisoned.
The giant gecko is heavily wounded.
The giant gecko bites you.
* * * LOW HITPOINT WARNING * * *
You kill the hobgoblin!
The giant gecko bites you.
You die...

#... #..# ####
#..# #.. #..#
#.# { #..# #.#
#..# #.# #..#
#.# #..# #.#
#..# #@#
######..####l#
##.......)...<#
.........######
##.#.......#
#.........#
#.........#
##........#
##....##.#


You could see a giant gecko.

Vanquished Creatures
  6 bats
  2 giant cockroaches (D:1)
  3 hobgoblins
  4 kobolds (D:1)
  2 giant newts (D:1)
  5 goblins
  6 rats (D:1)
28 creatures vanquished.

Notes
Turn   | Place    | Note
--------------------------------------------------------------
     0 | D:1      | HaroldButt the Formicid Earth Elementalist began the quest for the Orb.
     0 | D:1      | Reached XP level 1. HP: 13/13 MP: 3/3
   292 | D:1      | Reached skill level 4 in Earth Magic
   292 | D:1      | Reached XP level 2. HP: 16/19 MP: 0/5
   772 | D:1      | Reached XP level 3. HP: 17/24 MP: 6/6
  1017 | D:1      | Learned a level 2 spell: Stoneskin
  1021 | D:1      | Learned a level 3 spell: Stone Arrow
  1084 | D:2      | Slain by a giant gecko

Action                   || total
-------------------------++-------
Melee: Dagger            ||    31
       Short sword       ||    17
 Cast: Sandblast         ||    13
 Stab: Sleeping          ||     5
